 Dungeon Crawl Stone Soup version 0.31-a0-232-gb1c03b2570 (webtiles) character file.

Game seed: 10121539941569435212

132 qw the Shooter (level 5, -8/30 HPs)
             Began as a Gargoyle Hexslinger on July 6, 2023.
             Mangled by a wyvern (14 damage)
             ... on level 4 of the Dungeon.
             The game lasted 00:00:56 (2133 turns).

qw the Shooter (Gargoyle Hexslinger)                Turns: 2133, Time: 00:00:56

Health: -8/30      AC:  8    Str: 12    XL:     5   Next: 15%
Magic:  6/6        EV: 11    Int: 13    God:
Gold:   113        SH:  0    Dex: 14    Spells: 5/6 levels left

rFire   . . .        Y - +2 sling
rCold   . . .        (no shield)
rNeg    + . .        g - +0 leather armour
rPois   inf          (no helmet)
rElec   +            (no cloak)
rCorr   .            (no gloves)
SInv    .            d - +0 pair of boots
Will    .....        i - amulet of faith
Stlth   +            (no ring)
HPRegen 0.25/turn    (no ring)
MPRegen 0.10/turn

%: faith
@: about to teleport
A: sickness immunity, AC +4, negative energy resistance 1, electricity
resistance, torment resistance 1, petrification resistance
a: no special abilities


You were on level 4 of the Dungeon.
You visited 1 branch of the dungeon, and saw 4 of its levels.

You collected 113 gold pieces.


Innate Abilities, Weirdness & Mutations

You are immune to sickness and miasma.
Your stone body is resilient. (AC +4)
You are immune to poison.
You resist negative energy. (rN+)
You are resistant to electric shocks. (rElec)
You are resistant to unholy torment.
You are immune to petrification.


   Skills:
 - Level 2.0 Fighting
 + Level 4.9 Ranged Weapons
 - Level 1.5 Dodging
 - Level 1.0 Spellcasting
 - Level 2.6 Hexes


You had 5 spell levels left.
You knew the following spells:

 Your Spells              Type           Power      Damage    Failure   Level
a - Slow                  Hex            28%        N/A       12%         1

Your spell library contained the following spells:

 Spells                   Type           Power      Damage    Failure   Level
 Inner Flame              Hex/Fire       4%         N/A       52%         3
 Portal Projectile        Hex/Tloc       8%         N/A       52%         3
 Cause Fear               Hex            3%         N/A       75%         4

Inventory:

Hand Weapons
 Y - a +2 sling (weapon)
Armour
 d - a +0 pair of boots (worn)
 g - a +0 leather armour (worn)
Jewellery
 i - an amulet of faith (around neck)
Scrolls
 a - a scroll of identify
Potions
 b - a potion of might {unknown}
 c - a potion of invisibility {unknown}
 f - a potion of resistance
 h - a potion of curing {unknown}
 j - a potion of attraction {unknown}
 l - a potion of enlightenment {unknown}
 n - a potion of brilliance {unknown}

Dungeon Overview and Level Annotations

Branches:
Dungeon (4/15)
 Temple: D:4-7

Altars:

Annotations:
D:3 2 runed translucent doors, qw's ghost, amateur MiHs


Message History

The endoplasm hits you but does no damage.
You shoot a sling bullet. The sling bullet hits the wyvern.
The wyvern is lightly wounded.
The wyvern closely misses you. The endoplasm freezes you.
You are frozen.
The wyvern closely misses you.
You shoot a sling bullet.
The sling bullet barely misses the wyvern.
The sling bullet misses the adder.
The wyvern barely misses you. The endoplasm closely misses you.
The wyvern barely misses you.
You shoot a sling bullet.
The sling bullet closely misses the wyvern.
The wyvern misses you. The endoplasm freezes you.
You are frozen.
The wyvern bites you!
The iguana bites you but does no damage.
The endoplasm freezes you.
You are frozen.
You shoot a sling bullet. The sling bullet hits the wyvern.
The wyvern is moderately wounded.
The wyvern barely misses you. The endoplasm closely misses you.
The iguana bites you but does no damage.
The wyvern bites you.
You shoot a sling bullet.
The sling bullet barely misses the wyvern.
The wyvern closely misses you. The endoplasm hits you.
The iguana closely misses you.
You shoot a sling bullet.
The sling bullet hits the wyvern but does no damage.
The wyvern is moderately wounded.
The wyvern closely misses you.
The endoplasm hits you but does no damage.
The iguana bites you.
The wyvern bites you but does no damage.
2133 ||| READING scroll of teleportation.
As you read the scroll of teleportation, it crumbles to dust.
You feel strangely unstable. The wyvern bites you!
You die...

##..!..##
#.......#
####.......#
#..........#
#...#.....#
#.<.......##
###........##
##.l......#
#SJ@$..).#
#.l........
<...#...#....
.....##........
..... #........
..... ........#
....# .........
..[ .........


You could see a wyvern, an iguana, an adder and an endoplasm.

Vanquished Creatures
  A hound (D:3)
  3 adders (D:3)
  3 worms (D:3)
  3 dart slugs
  An orc (D:3)
  4 ball pythons
  3 endoplasms
  A giant cockroach (D:1)
  10 goblins
  4 hobgoblins
  2 jackals (D:2)
  4 quokkas
  7 bats
  3 frilled lizards
  4 kobolds
  5 rats
58 creatures vanquished.

Notes
Turn   | Place    | Note
-------+----------+-------------------------------------------
     0 | D:1      | qw the Gargoyle Hexslinger began the quest for the Orb.
     0 | D:1      | Reached XP level 1. HP: 12/12 MP: 2/2
     0 | D:1      | 0 ||| qw: Version: 0.3-a-46-gb1f654a
     0 | D:1      | 0 ||| qw: Game counter: 2038
     0 | D:1      | 0 ||| qw: Melee chars always use a shield: true
     0 | D:1      | 0 ||| qw: God list: Okawaru
     0 | D:1      | 0 ||| qw: Allow faded altars: false
     0 | D:1      | 0 ||| qw: Do Orc after clearing Dungeon:15 true
     0 | D:1      | 0 ||| qw: Do second Lair branch before Depths: true
     0 | D:1      | 0 ||| qw: Lair rune preference: random
     0 | D:1      | 0 ||| qw: Goals: Normal
     0 | D:1      | 0 ||| PLANNING D:1-11
   107 | D:1      | Reached XP level 2. HP: 14/16 MP: 3/3
   157 | D:1      | Reached skill level 3 in Ranged Weapons
   257 | D:1      | Reached XP level 3. HP: 17/21 MP: 4/4
   784 | D:1      | 784 ||| UPGRADING to +0 leather armour.
   794 | D:1      | 794 ||| DROPPING +0 robe.
   795 | D:1      | 795 ||| UPGRADING to amulet of faith.
   800 | D:1      | 800 ||| READING 3 scrolls labelled MASARAN MUEBBO.
   801 | D:1      | 801 ||| READING scroll labelled UQEPSE ERHITS.
   802 | D:1      | 802 ||| READING scroll labelled KIDWUIRA MOEF.
   803 | D:1      | 803 ||| READING 2 scrolls of identify.
   803 | D:1      | 803 ||| IDENTIFYING smoky orange potion
   804 | D:1      | 804 ||| DROPPING scroll of poison.
  1261 | D:2      | Found a faded altar of an unknown god.
  1314 | D:2      | 1314 ||| READING scroll labelled YCHAGE BINKA.
  1317 | D:2      | 1317 ||| READING 2 scrolls labelled UKEETS UNEXT.
  1318 | D:2      | 1318 ||| DROPPING scroll of amnesia.
  1460 | D:3      | Reached XP level 4. HP: 19/26 MP: 5/5
  1526 | D:3      | Reached skill level 4 in Ranged Weapons
  1699 | D:3      | Found a runed translucent door.
  1700 | D:3      | Noticed qw's ghost (amateur MiHs)
  1700 | D:3      | Noticed a bullfrog
  1795 | D:3      | Found a runed translucent door.
  1850 | D:3      | Reached XP level 5. HP: 30/30 MP: 6/6
  2072 | D:3      | 2072 ||| UPGRADING to +0 pair of boots.
  2077 | D:3      | 2077 ||| DROPPING +6 ring of intelligence.
  2078 | D:3      | 2078 ||| READING 2 scrolls labelled AGAEQIHENA.
  2079 | D:3      | 2079 ||| READING scroll labelled QUPNIB NIAQ.
  2080 | D:3      | 2080 ||| DROPPING scroll of blinking.
  2119 | D:4      | 2119 ||| PLANNING SEWER
  2122 | D:4      | Noticed a wyvern
  2132 | D:4      | HP: 6/30 [iguana (5)]
  2133 | D:4      | 2133 ||| READING scroll of teleportation.
  2133 | D:4      | Mangled by a wyvern

Levels and vault maps discovered:
D:1:      saegor_arrival_simple_b, layout_loops_cross
D:2:      layout_basic, basic_ecumenical_altar
D:3:      layout_rooms, ebering_ghost_sewer_f, nicolae_elevator_lobby_plus
D:4:      layout_rooms, cheibrodos_sewer_entry_bend

Skill      XL: |  1  2  3  4 |
---------------+-------------+-----
Ranged Weapons | 3 4 |  4.9
Fighting       | 2 |  2.0
Dodging        | |  1.5
Spellcasting   | |  1.0
Hexes          | |  2.6

Action                     |  1- 3 |  4- 6 || total
---------------------------+-------+-------++-------
   Fire: Sling             |   140 |    75 ||   215
    Use: Scroll            |     6 |     3 ||     9
 Armour: Robe              |    19 |       ||    19
         Leather armour    |    17 |    18 ||    35
  Dodge: Dodged            |    61 |    25 ||    86

Table legend:
 A = Non-vault XP
 B = Vault XP
 C = Vault XP percentage of total XP
 D = Non-vault monster count
 E = Vault monster count
 F = Vault count percentage of total count
                 A         B        C        D         E       F
            +---------+---------+-------+---------+---------+-------
      Total |     189 |       0 |   0.0 |      58 |       0 |   0.0
            +---------+---------+-------+---------+---------+-------
        D:1 |      48 |       0 |   0.0 |      25 |       0 |   0.0
        D:2 |      19 |       0 |   0.0 |      13 |       0 |   0.0
        D:3 |     122 |       0 |   0.0 |      20 |       0 |   0.0
            +---------+---------+-------+---------+---------+-------
